 Dungeon Crawl Stone Soup version 0.13.0-6-g40e4d2d (webtiles) character file.

178 Leibowitz the Ducker (level 3, 0/25 HPs)
             Began as a Merfolk Wanderer on Oct 15, 2013.
             Slain by a big fish (5 damage)
             ... on Level 2 of the Dungeon.
             The game lasted 00:04:00 (1736 turns).

Leibowitz the Ducker (Merfolk Wanderer)             Turns: 1736, Time: 00:04:00

HP   0/25        AC  2     Str 12      XL: 3   Next: 91%
MP   4/4         EV 19     Int 10      God:
Gold 124         SH  0     Dex 15      Spells:  0 memorised,  2 levels left

Res.Fire  : . . .   See Invis. : .   a - +1,+3 falchion
Res.Cold  : . . .   Warding    : .   c - +0 robe
Life Prot.: . . .   Conserve   : .   (no shield)
Res.Poison: .       Res.Corr.  : .   (no helmet)
Res.Elec. : .       Clarity    : .   (no cloak)
Sust.Abil.: . .     Spirit.Shd : .   (no gloves)
Res.Mut.  : .       Stasis     : .   (boots currently unavailable)
Res.Rott. : .       Flight     : .   (no amulet)
Saprovore : . . .                    (no ring)
                                     (no ring)

@: very quick, not resistant to hostile enchantments, stealthy
A: change form in water, swift swim
a: no special abilities


You were on level 2 of the Dungeon.
You were not hungry.

You visited 1 branch of the dungeon, and saw 2 of its levels.

You collected 74 gold pieces.

Inventory:

Hand weapons
 a - a +1,+3 falchion (weapon)
 b - a +0,+0 spear (quivered)
 p - a +1,+2 orcish dagger of venom
Armour
 c - a +0 robe (worn)
Comestibles
 d - 4 bread rations
 m - a pear
 r - a banana
 u - a meat ration
Scrolls
 h - 2 scrolls of blinking {unknown}
 j - 4 scrolls of identify {unknown}
 l - a scroll of curse weapon {unknown}
 n - a scroll of noise {unknown}
 q - a scroll of recharging {unknown}
Potions
 e - a potion of decay {unknown}
 f - 2 potions of degeneration {unknown}
 g - 2 potions of brilliance {unknown}
 i - 6 potions of curing {unknown}
 k - 2 potions of restore abilities {unknown}
 o - a potion of blood {unknown}
 s - a potion of invisibility {unknown}
 t - a potion of speed {unknown}
 w - a potion of agility {unknown}


   Skills:
 + Level 1.1 Fighting
 - Level 2.1 Long Blades
 * Level 0.8 Polearms
 * Level 6.1 Dodging
 - Level 1.1 Stealth
 - Level 1.1 Unarmed Combat
   Level 2.0 Invocations


You had 2 spell levels left.
You didn't know any spells.

Dungeon Overview and Level Annotations

Branches:
Dungeon (2/27)

Altars:
Fedhas


Message History

The big fish closely misses you.
You hit the big fish.
The big fish is heavily wounded.
The big fish bites you.
You barely miss the big fish.
The big fish is heavily wounded.
The big fish bites you but does no damage.
The big fish closely misses you. The big fish bites you.
You slash the big fish!
The big fish is almost dead.
The big fish closely misses you. The big fish barely misses you.
You barely miss the big fish.
The big fish is almost dead.
The big fish completely misses you. The big fish bites you.
The big fish bites you!
* * * LOW HITPOINT WARNING * * *
You closely miss the big fish.
The big fish is almost dead.
The big fish bites you.
You die... #PfPPf♣

P. ......♣♣♣P# ####
.≈≈≈≈≈..♣♣.###..#
.≈≈≈≈≈≈≈..#PP##..#
.≈≈≈≈≈≈≈≈≈..PP##..######
≈≈≈≈≈≈≈≈≈≈≈.P♣##........
≈≈≈≈...≈≈≈≈.#####.#####.
#### .%%.%._.;≈≈≈.......#
#. ...#
.≈≈≈≈...@≈≈≈.#####.# #.
...#
.≈≈≈≈≈≈≈;≈≈≈..f#...######
...#
.≈≈≈≈≈≈≈≈≈..PP###.......
...# ..≈≈≈≈≈≈≈..♣PP#
#.#####. ...#
...≈≈≈≈≈..Pf#f###.# #.
...#
P.......fP#Pf#..>#####.
...#
#PPP♣P♣#PPfP#.......(.
...# #.♣f♣P#.♣P
###.###### ####


PPP #.# You could see 2 big fish.

Vanquished Creatures
  2 adders (D:2)
  4 giant cockroaches
  8 goblins (D:2)
  2 hobgoblins
  4 jackals (D:1)
  3 bats
  A giant gecko (D:2)
  5 giant newts
  3 kobolds (D:1)
  6 rats
38 creatures vanquished.

Notes
Turn   | Place    | Note
--------------------------------------------------------------
     0 | D:1      | Leibowitz, the Merfolk Wanderer, began the quest for the Orb.
     0 | D:1      | Reached XP level 1. HP: 14/14 MP: 1/1
   142 | D:1      | Reached XP level 2. HP: 7/20 MP: 2/2
   318 | D:1      | Reached skill level 5 in Dodging
   982 | D:2      | Reached XP level 3. HP: 15/25 MP: 4/4
  1345 | D:2      | Reached skill level 6 in Dodging
  1723 | D:2      | Found a blossoming altar of Fedhas.
  1736 | D:2      | Slain by a big fish

Action                   || total
-------------------------++-------
Melee: Falchion          ||   115
 Stab: Sleeping          ||     1
